[Event "*** Titled Tuesday Blitz"]
[Site "Chess.com"]
[Date "2020.05.05"]
[Round "4"]
[White "karinachess1"]
[Black "lamomiablanca"]
[Result "1/2-1/2"]
[WhiteElo "2480"]
[BlackElo "2139"]
[TimeControl "180+1"]
[EndTime "10:42:24 PDT"]
[Termination "Game drawn by stalemate"]

1. Nf3 Nf6 2. c4 g6 3. g3 Bg7 4. Bg2 O-O 5. O-O d6 6. d4 Nc6 7. Nc3 e5 8. d5 Nb8 9. e4 a5 10. Ne1 Na6 11. Nd3 Nd7 12. Be3 Ndc5 13. a3 Nxd3 14.
Qxd3 Bd7 15. Qc2 f5 16. exf5 gxf5 17. f4 e4 18. Ne2 Nc5 19. Nd4 a4 20. Rad1 Qf6 21.
Kh1 h5 22. Rd2 Kh8 23. Bh3 Qg6 24. Rg1 Rae8 25. Qd1 Nd3 26. Bf1 Kh7 27. Be2 Kh6 28. Bxd3 exd3 29. Rxd3 Re4 30. Bf2 Rfe8 31. Qf3 Qg4 32. Kg2 Bf6 33. h3 Qg7 34. Kh2 Bxd4 35. Bxd4 Rxd4 36. Rxd4 Qxd4 37. Rg2 Qxc4 38. g4 hxg4 39.
Qg3 Kg7 40. hxg4 Rh8+ 41. Kg1 Qc1+ 42. Kf2 Qd2+ 43. Kg1 Qd1+ 44. Kf2 fxg4 45. Qc3+ Kg6 46. Qxh8 Qf3+ 47. Kg1 Qd1+ 48. Kh2 Qxd5 49. Qh4 Qf5 50. Qg3 Bc6 51. Qxg4+ Qxg4 52. Rxg4+ Kf5 53. Rh4 b5 54. Kg3 Bd5 55. Rh7 c5 56. Rd7 Ke6 57. Rd8 b4 58. Kf2 bxa3 59. bxa3 Bb3 60. Ke3 d5 61. Rc8 Kd6 62.
Ra8 d4+ 63. Ke4 Bc2+ 64. Kf3 Kd5 65. Rf8 c4 66. f5 c3 67. f6 Ke6 68. Rd8 d3 69.
Ke3 Kxf6 70. Rxd3 Bxd3 71. Kxd3 Ke5 72. Kxc3 Kd5 73. Kb4 Kc6 74. Kxa4 Kb7 75. Kb4 Ka8 76. a4 Kb8 77. a5 Ka7 78. Kb5 Kb7 79. a6+ Ka8 80. Ka5 Ka7 81. Kb5 Ka8 82. Kb6 Kb8 83. a7+ Ka8 84. Ka6 1/2-1/2

[Event "*** Titled Tuesday Blitz"]
[Site "Chess.com"]
[Date "2020.05.05"]
[Round "4"]
[White "WPWPWP-2015"]
[Black "RaphaeI"]
[Result "0-1"]
[WhiteElo "2442"]
[BlackElo "2645"]
[TimeControl "180+1"]
[EndTime "10:42:30 PDT"]
[Termination "RaphaeI won by checkmate"]

1. e4 c5 2. Nf3 Nc6 3. Bb5 g6 4. O-O Bg7 5. c3 Nf6 6. Qe2 O-O 7. Rd1 Qb6 8. a4 a6 9. Bxc6 Qxc6 10. d3 b5 11. a5 Bb7 12. e5 Nd5 13. c4 Nc7 14. Nc3 d6 15. Bf4 Ne6 16. Bg3 Nd4 17. Qe4 Qxe4 18. dxe4 dxe5 19. cxb5 axb5 20. Nxe5 b4 21.
Na4 Ne2+ 22. Kf1 Nxg3+ 23. hxg3 Bxe5 24. Nxc5 Ba6+ 25. Kg1 Bxb2 26. Rab1 Bc3 27. Nd7 Rfd8 28. Nb6 Rab8 29. Nd5 Kf8 30. f4 e6 31. Nb6 Rxd1+ 32. Rxd1 Bb5 33. e5 Ke7 34. Rb1 Rd8 35. Kh2 Rd2 36.
a6 Bxa6 37. Na4 Bd3 38. Rc1 Be4 39. Nxc3 bxc3 40. Rxc3 Rxg2+ 41. Kh3 Rd2 42. Rc7+ Rd7 43. Rc8 h5 44. Kh4 Bf5 45. Kg5 Rd3 46. Rc7+ Kd8 47. Rxf7 Rxg3+ 48. Kf6 h4 49. Ra7 h3 50. Rh7 Rg2 51.
Rh8+ Kc7 52. Rh7+ Kc6 53. Rh8 Kd5 54. Rc8 Ke4 55. Rc4+ Kf3 56. Rc3+ Kxf4 57. Rc4+ Kg3 58. Rc3+ Kh4 59. Rc4+ Rg4 60. Rc8 h2 61. Rh8+ Kg3 62. Rb8 h1=Q 63. Rb3+ Kh4 64. Rb8 Kg3 65. Rb3+ Kh2 66.
Rb2+ Rg2 67. Rb8 Qf1 68. Rh8+ Kg1 69. Rb8 Be4+ 70. Ke7 Qc4 71. Rb1+ Bxb1 72. Kf6 Rf2+ 73. Kg7 Qc7+ 74. Kh6 Rh2+ 75. Kg5 Qe7+ 76. Kf4 Rh4+ 77. Kg3 Qg5+ 78. Kf3 Rf4+ 79. Ke3 Qxe5+ 80. Kd2 Rd4+ 81. Kc1 Qc5+ 82. Kb2 Rb4+ 83. Ka1 Qa5# 0-1

[Event "*** Titled Tuesday Blitz"]
[Site "Chess.com"]
[Date "2020.05.05"]
[Round "4"]
[White "plumalka"]
[Black "Arjun2002"]
[Result "0-1"]
[WhiteElo "2453"]
[BlackElo "2647"]
[TimeControl "180+1"]
[EndTime "10:42:34 PDT"]
[Termination "Arjun2002 won by resignation"]

1. e4 c5 2. Nf3 Nc6 3. d4 cxd4 4.
Nxd4 Nf6 5. Nc3 d6 6. Bg5 e6 7. Bb5 Bd7 8. Bxc6 bxc6 9. Qf3 Be7 10. e5 Nd5 11. Bxe7 Qxe7 12. exd6 Qxd6 13. O-O-O O-O 14. Nb3 a5 15. Ne4 Qe7 16. a4 Rfb8 17. Nec5 Be8 18. h4 Rb6 19. Rd4 Rab8 20. Re1 Rb4 21. Qe4 Rxd4 22.
Qxd4 Rb4 23. Qd2 Qxh4 24. Nxa5 Rd4 25. Qe2 Qg5+ 26. Kb1 Qxg2 27. Nxe6 Rb4 28. Nb3 h6 29. Nec5 Nf6 30. a5 Qd5 31. a6 Rb8 32. Rd1 Qf5 33.
a7 Ra8 34. Qe7 Nd5 35. Qb7 Qc8 36. Qxc8 Rxc8 37. c4 Nb6 38. Nb7 Ra8 39. Nd6 Kf8 40. c5 Nd7 41. Na5 Rxa7 42. Nxc6 Rc7 43. Re1 Nf6 44. Nd4 Rxc5 45. b4 Rd5 46. Nxe8 Nxe8 47. Nc2 Nd6 48. Kb2 g5 49. Kc3 h5 50. Ne3 Rf5 51.
Rd1 Rf6 52. Nd5 Re6 53. Rd2 h4 54. Kd4 h3 55. Kc5 h2 56. Rd1 Rh6 57. Rh1 Ne4+ 58. Kd4 Nxf2 59. Rxh2 Rxh2 60. b5 Rh1 61. b6 Rb1 62.
Ke3 Ng4+ 63. Kd4 Nh6 64. Kc5 Nf5 65. Kc6 g4 66. b7 Rxb7 67. Kxb7 g3 68. Nf4 Ke7 69.
Kc6 Ne3 70. Kc5 Kf6 71. Ng2 Nxg2 72. Kd4 Nh4 73. Ke3 g2 74. Kf2 Kg5 75. Kg1 Kg4 76. Kh2 f5 77. Kg1 Kh3 78. Kf2 Kh2 0-1

[Event "*** Titled Tuesday Blitz"]
[Site "Chess.com"]
[Date "2020.05.05"]
[Round "4"]
[White "BikingBrian"]
[Black "marszach123"]
[Result "1/2-1/2"]
[WhiteElo "2311"]
[BlackElo "2145"]
[TimeControl "180+1"]
[EndTime "10:42:34 PDT"]
[Termination "Game drawn by repetition"]

1. d4 Nf6 2. Bg5 Ne4 3. Bf4 c5 4. f3 Qa5+ 5. c3 Nf6 6. d5 e6 7.
e4 exd5 8. exd5 d6 9. Na3 Be7 10. Nc4 Qc7 11. a4 O-O 12. Bd3 Nxd5 13. Bxh7+ Kxh7 14. Qxd5 Be6 15. Qh5+ Kg8 16. Ne3 Re8 17. Nh3 g6 18. Qh6 Bf8 19. Qh4 Bxh3 20. Qxh3 Qd7 21. Qxd7 Nxd7 22. O-O-O Ne5 23. Nd5 Rec8 24. Rhe1 Nc6 25.
Bxd6 Bxd6 26. Nf6+ Kg7 27. Rxd6 Rd8 28. Red1 Rh8 29.
h3 Rad8 30. Ne4 Rxd6 31. Rxd6 c4 32. Rd7 Na5 33. Nd6 Kf6 34. Nxb7 Nxb7 35. Rxb7 a5 36. Rc7 Re8 37. Kd2 Rd8+ 38. Ke2 Re8+ 39. Kf2 Rd8 40. Ke3 Re8+ 41. Kf2 Rd8 42. Rxc4 Rd2+ 43. Kg3 Rxb2 44.
Rc5 Rc2 45. c4 Kg7 46. Rc7 Rc3 47. c5 Ra3 48. c6 Rxa4 49. Rc8 Rc4 50. c7 a4 51. h4 a3 52. Ra8 Rxc7 53. Rxa3 Rd7 54. Re3 Rc7 55. Kh3 Rb7 56. g4 Ra7 57. Kg3 Rb7 58. Rc3 Ra7 59. Re3 Rb7 60. Kf4 Ra7 61.
Re4 Rb7 62. g5 Ra7 63. Kg4 Rb7 64. h5 gxh5+ 65. Kxh5 Rb1 66. f4 Rh1+ 67. Kg4 Rg1+ 68. Kf5 Ra1 69. Re5 Rb1 70. Rd5 Ra1 71. Kg4 Rb1 72. f5 Rg1+ 73. Kf4 Rf1+ 74. Kg4 Rg1+ 75. Kf4 Rf1+ 76. Ke5 Re1+ 77. Kd6 Rg1 78. f6+ Kg6 79. Ke7 Re1+ 80. Kf8 Ra1 81. Re5 Ra8+ 82. Re8 Ra5 83. Re7 Ra8+ 84. Re8 Ra5 85. Re7 Ra8+ 86. Re8 1/2-1/2

[Event "*** Titled Tuesday Blitz"]
[Site "Chess.com"]
[Date "2020.05.05"]
[Round "4"]
[White "putra48"]
[Black "kuba2006"]
[Result "1/2-1/2"]
[WhiteElo "2619"]
[BlackElo "2429"]
[TimeControl "180+1"]
[EndTime "10:42:36 PDT"]
[Termination "Game drawn - insufficient material"]

1. e4 Nf6 2. e5 Nd5 3. d4 d6 4.
Nf3 Bg4 5. Be2 c6 6. O-O Bxf3 7. Bxf3 dxe5 8. dxe5 e6 9. c4 Ne7 10. Qxd8+ Kxd8 11. Nc3 Nd7 12. Re1 Ng6 13. Bg5+ Be7 14. Bxe7+ Kxe7 15. Be2 Ndxe5 16. Bf1 Rad8 17. f4 Nd3 18. Bxd3 Rxd3 19.
f5 Nf4 20. Re4 g5 21. g3 Nh5 22. fxe6 fxe6 23. Rae1 Ng7 24. Rg4 h6 25. h4 Rf8 26.
hxg5 h5 27. Rge4 Rxg3+ 28. Kh2 Rxg5 29. R1e2 Rgf5 30. Nd1 Rf1 31. Rd2 R8f4 32. Re5 Kf6 33. Ree2 Nf5 34. Rd7 R1f3 35. Nc3 Rf2+ 36. Kg1 Rf1+ 37.
Kg2 Nh4+ 38. Kh2 Nf3+ 39. Kg2 Ne1+ 40. Kh2 Rh4+ 41. Kg3 Rg4+ 42. Kh3 Rf3+ 43. Kh2 Rh4+ 44. Kg1 Rg3+ 45. Kf2 Rd3 46. Rxb7 Nf3 47. Ne4+ Kg6 48. Re3 Rh2+ 49. Kxf3 Rh3+ 50. Ng3 Rxg3+ 51. Kxg3 Rxe3+ 52. Kf4 Re2 53. Rxa7 Rxb2 54. Rc7 Rxa2 55. Rxc6 Kf6 56. Rc8 Ra4 57. Kg3 Kg5 58. Rg8+ Kf6 59. Rc8 Kf5 60.
Kh4 Ke4 61. Kxh5 Kd4 62. Kg5 Rxc4 63. Rd8+ Ke4 64. Kf6 e5 65. Rd1 Rc5 66. Re1+ Kd4 67. Kf5 Rb5 68. Re4+ Kd3 69. Rxe5 Rxe5+ 70. Kxe5 1/2-1/2

[Event "*** Titled Tuesday Blitz"]
[Site "Chess.com"]
[Date "2020.05.05"]
[Round "4"]
[White "Indianlad"]
[Black "Lagmantr"]
[Result "0-1"]
[WhiteElo "2905"]
[BlackElo "2711"]
[TimeControl "180+1"]
[EndTime "10:42:37 PDT"]
[Termination "Lagmantr won on time"]

1. Nf3 d5 2. d4 Nf6 3. c4 c6 4.
e3 e6 5. Nbd2 Nbd7 6. b3 b6 7. Bb2 Bb7 8. Bd3 Be7 9. O-O O-O 10. Qe2 c5 11. cxd5 Nxd5 12. Ne4 cxd4 13. Nxd4 N7f6 14. Nxf6+ Bxf6 15. Ba6 Bxa6 16. Qxa6 Qc8 17.
Qd3 Rd8 18. Rac1 Qb7 19. Qe2 Nf4 20. Qg4 Nd3 21. Nxe6 Nxb2 22. Nxd8 Rxd8 23. h4 h6 24. h5 Qd7 25. Qxd7 Rxd7 26. Rc8+ Kh7 27. Rfc1 Rd2 28. R8c2 Rd5 29. g4 Ra5 30. a4 b5 31. axb5 Rxb5 32.
Rc7 Nd3 33. R1c4 Ne5 34. Ra4 a5 35. Kg2 Rxb3 36. Rc8 Rb4 37. Rxb4 axb4 38. Rb8 Nd3 39. Kf3 Bc3 40. Ke2 Nc5 41. Rc8 Ne4 42. Rb8 g6 43.
hxg6+ Kxg6 44. f3 Nc5 45. Rb6+ f6 46. Rb5 Nb3 47. Kd3 Nc1+ 48. Kc2 Ne2 49. Kd3 Ng1 50. f4 Nh3 51. Ke4 Nf2+ 52. Kf3 Nd3 53. Ke4 Nc1 54. Rc5 Bd2 55. Rd5 Bc3 56. Rc5 b3 57. Rc8 b2 58. Rb8 Na2 59. Kd3 Nb4+ 60. Kxc3 b1=Q 61. Rxb4 Qe1+ 0-1

[Event "*** Titled Tuesday Blitz"]
[Site "Chess.com"]
[Date "2020.05.05"]
[Round "4"]
[White "AlphalphaZero"]
[Black "Bulldog167"]
[Result "0-1"]
[WhiteElo "2549"]
[BlackElo "2919"]
[TimeControl "180+1"]
[EndTime "10:42:38 PDT"]
[Termination "Bulldog167 won by resignation"]

1. e4 c5 2. Nf3 d6 3. Bb5+ Nd7 4. c3 Nf6 5. Bd3 g6 6. Bc2 Bg7 7. d4 cxd4 8. cxd4 O-O 9. Nc3 a6 10. O-O b5 11. a3 Bb7 12. Re1 Rc8 13. Bg5 h6 14. Bh4 e5 15. dxe5 dxe5 16. Qe2 Qc7 17. Bb3 Nc5 18. Bxf6 Nxb3 19. Bxg7 Kxg7 20. Rad1 Rfd8 21.
Qc2 Nd4 22. Qd3 f6 23. Nh4 g5 24. Qg3 Kh7 25. Nf3 Ne6 26. Qg4 Nf4 27. h4 Rxd1 28. Rxd1 Rd8 29. Rxd8 Qxd8 30. Qf5+ Kg7 31. hxg5 hxg5 32.
Nxe5 fxe5 33. Qxe5+ Qf6 34. Qc7+ Qf7 35. Qe5+ Kg6 36. Qd6+ Kh7 37. f3 Bc8 38. Qe5 Qg7 39. Qc5 Be6 40. Nd5 Bxd5 41. exd5 Qxb2 42. Qe7+ Kh6 43. Qf8+ Qg7 44. Qd6+ Qg6 45. Qe5 Qb1+ 46. Kh2 Qh7 47. Qf6+ Qg6 48. Qh8+ Qh7 49. Qf6+ Ng6 50. d6 Qd7 51. g4 a5 52. Kg3 b4 53. axb4 axb4 54. Qd4 b3 55. Qd2 Nf4 56. Qh2+ Kg6 57. Qd2 Ne6 58. Qd3+ Kg7 59. Qc3+ Kf7 60. Qxb3 Qxd6+ 61. Kf2 Qd2+ 62. Kf1 Qf4 63. Qb7+ Kf6 64. Qc6 Qe5 65.
Kg2 Qe2+ 66. Kg1 Qe1+ 67. Kg2 Qe5 68. Kg1 Kg7 69. Qd7+ Kh6 70. Qc6 Kg6 71. Kg2 Kf6 72. Kg1 Qc5+ 73. Qxc5 Nxc5 74. Kf2 Ke5 75. Kg3 Ne6 76.
Kf2 Kf4 77. Kg2 Nd4 78. Kh3 Nxf3 79. Kg2 Kxg4 80. Kf2 Kf4 0-1

[Event "*** Titled Tuesday Blitz"]
[Site "Chess.com"]
[Date "2020.05.05"]
[Round "4"]
[White "DLR7"]
[Black "BilodeauA"]
[Result "0-1"]
[WhiteElo "2642"]
[BlackElo "2902"]
[TimeControl "180+1"]
[EndTime "10:42:47 PDT"]
[Termination "BilodeauA won by resignation"]

1. e4 c5 2. Nf3 d6 3. Bb5+ Nd7 4. O-O a6 5. Bxd7+ Bxd7 6. Re1 Bg4 7. h3 Bh5 8. b3 e6 9. Bb2 Nf6 10. d3 Be7 11. Nbd2 O-O 12. a4 b5 13. Nf1 Nd7 14.
Ng3 Bg6 15. Nd2 e5 16. Nf5 Re8 17. Nf1 Nf8 18. N1e3 Ne6 19. axb5 axb5 20. Qf3 Bf8 21. Nd5 Qb8 22. Rxa8 Qxa8 23. Ra1 Qb7 24. g3 Ra8 25. Nfe3 Rxa1+ 26. Bxa1 Qa7 27. Qd1 f6 28. c4 b4 29.
Bb2 Qa2 30. Qc2 Bh5 31. g4 Be8 32. Bc1 Qa1 33. Qb2 Qa7 34. Nf5 Kf7 35. Kg2 g6 36. Ng3 Bc6 37. Be3 Qa3 38. Qb1 Be7 39. h4 Bf8 40. h5 Bg7 41. Bc1 Qa7 42. Be3 Nd8 43. Nxb4 Bd7 44. Nd5 Bxg4 45. hxg6+ hxg6 46. b4 Ne6 47.
bxc5 dxc5 48. Qb6 Qxb6 49. Nxb6 Bd1 50. Nd7 Bf8 51. Kf1 Bd6 52. Nb6 Nd4 53. Ke1 Bc2 54. Kd2 Bb3 55. Nd5 Ba4 56. Ne2 Ne6 57. Nec3 Bc6 58. Nb5 Bf8 59. Nbc7 Nd4 60. Na6 Bd6 61. Nac7 Bd7 62. Nb5 Bf8 63. Bxd4 cxd4 64. Kc2 Bc5 65. Kb3 f5 66. f3 f4 67. Kc2 g5 68. Kd2 g4 69. fxg4 Bxg4 70. Ke1 Kg6 71. Kf2 Bd1 72. Ke1 Bc2 73. Ke2 Kg5 74. Ndc7 Kg4 75. Ne6 f3+ 76. Kf2 Be7 77. Nbc7 Bh4+ 78. Kg1 f2+ 79. Kg2 Bxd3 80.
Nxd4 f1=Q+ 0-1

[Event "*** Titled Tuesday Blitz"]
[Site "Chess.com"]
[Date "2020.05.05"]
[Round "4"]
[White "Anton_Demchenko"]
[Black "Tayson_7"]
[Result "1/2-1/2"]
[WhiteElo "2849"]
[BlackElo "2633"]
[TimeControl "180+1"]
[EndTime "10:42:49 PDT"]
[Termination "Game drawn by agreement"]

1. d4 Nf6 2. Nf3 g6 3. Bf4 Bg7 4. c3 O-O 5. Nbd2 d5 6. e3 Bg4 7.
h3 Bxf3 8. Nxf3 Nbd7 9. Be2 c5 10.
O-O Qb6 11. Rb1 Rac8 12. Bh2 Ne4 13. Qa4 Rfd8 14. Rfd1 e6 15. Bd3 Nd6 16. Bf1 Ne4 17. Qb3 c4 18. Qc2 Qc6 19. Nd2 Nxd2 20. Qxd2 b5 21. g4 Nb6 22. Bg2 a5 23. f3 Rd7 24.
Qe1 b4 25. e4 Na4 26. f4 dxe4 27. Bxe4 Qb5 28. Bc2 Nb6 29. Be4 Nd5 30. Rbc1 Qa4 31.
Bb1 Rb7 32. f5 Re8 33. fxe6 Rxe6 34. Qg3 Bh6 35. g5 Bf8 36. Qf3 Qb5 37. Be4 Rd7 38.
h4 Bg7 39. Kh1 a4 40. a3 bxc3 41. bxc3 Nxc3 42. Rxc3 Rxd4 43. Rxd4 Bxd4 44. Rc1 Qb3 45. Bd5 Qxf3+ 46. Bxf3 Re3 47. Bd5 Rxa3 48. Rxc4 Ra1+ 49. Kg2 Bb2 50. Rc8+ Kg7 51. Bd6 h5 52. Rc7 a3 53.
Rxf7+ Kh8 54. Rf8+ Kg7 55. Rf7+ Kh8 56. Rb7 Rd1 57.
Rb8+ Kg7 58. Rb7+ Kh8 59. Rb8+ Kg7 60. Rb5 Rxd5 61. Rxd5 a2 62. Ra5 a1=Q 63. Rxa1 Bxa1 64. Kh3 Kf7 65. Bf4 Ke6 66. Bc7 Kf5 67. Bb6 Be5 68.
Bc5 Ke4 69. Bf2 Bf4 70. Bc5 Kf3 71. Be7 Be5 72. Bd8 Bd4 73. Bf6 Be3 74. Be7 Bd4 75. Bd8 Ke4 76. Bf6 Kd5 77. Bd8 Ke6 78. Bc7 Kf5 79. Bd8 Be5 80. Be7 1/2-1/2

[Event "*** Titled Tuesday Blitz"]
[Site "Chess.com"]
[Date "2020.05.05"]
[Round "4"]
[White "MITerryble"]
[Black "Aradej"]
[Result "1/2-1/2"]
[WhiteElo "2823"]
[BlackElo "2539"]
[TimeControl "180+1"]
[EndTime "10:42:49 PDT"]
[Termination "Game drawn by repetition"]

1. e4 d6 2. d4 Nf6 3. Nc3 e5 4. Nf3 Nbd7 5. Bc4 Be7 6. O-O O-O 7. a4 c6 8. Re1 exd4 9. Nxd4 Ne5 10. Ba2 Re8 11.
h3 Ng6 12. a5 Qc7 13. Bg5 h6 14. Be3 Bf8 15. Qd3 Ne5 16. Qe2 Ng6 17. Qf3 Ne5 18. Qg3 Kh8 19. Nf5 Bxf5 20. exf5 d5 21. Qh4 Ned7 22. a6 b5 23. Bd4 Bc5 24. b4 Bxd4 25.
Qxd4 Qb6 26. Qxb6 Nxb6 27. Bb3 Kg8 28. Ne2 Rac8 29. Nd4 Kf8 30. Rxe8+ Nxe8 31. g4 Nd6 32. Kg2 Nd7 33. f3 Nb8 34. Kf2 Re8 35. c3 Ke7 36. h4 Kd7 37. Ra2 Re5 38. Ra1 Kc7 39. f4 Re8 40. Kf3 Kb6 41. g5 hxg5 42. fxg5 Ne4 43. Rc1 Nxa6 44. Bc2 Nd6 45. Kf4 Nc7 46. h5 f6 47.
gxf6 gxf6 48. h6 Rh8 49. Rh1 Rh7 50. Ne6 Nf7 51. Nf8 Rxh6 52. Nd7+ Kb7 53. Rxh6 Nxh6 54. Nxf6 Nf7 55. Nd7 Ne8 56. Nc5+ Kc7 57. Ne6+ Kd6 58. Nc5 Nf6 59. Nb7+ Kc7 60. Nc5 Nd7 61. Ne6+ Kd6 62. Nd4 a6 63. Nf3 c5 64. bxc5+ Nxc5 65. Ng5 Nxg5 66.
Kxg5 Nd7 67. f6 Kc5 68. f7 Kd6 69. Bf5 Nf8 70. Kf6 a5 71. Bd3 b4 72. cxb4 axb4 73.
Bc2 d4 74. Kg7 Ke7 75. Kg8 Ne6 76. Bb3 Nf8 77. Bc4 Nd7 78. Kg7 Nf8 79. Kg8 Nd7 80.
Kg7 Nf8 81. Bd3 Nd7 82. Bc4 1/2-1/2

[Event "*** Titled Tuesday Blitz"]
[Site "Chess.com"]
[Date "2020.05.05"]
[Round "4"]
[White "davidkalashian"]
[Black "Kislov_Oleg"]
[Result "1-0"]
[WhiteElo "2538"]
[BlackElo "2327"]
[TimeControl "180+1"]
[EndTime "10:42:49 PDT"]
[Termination "davidkalashian won by resignation"]

1. e4 e6 2. d4 d5 3. Nd2 Nf6 4. e5 Nfd7 5. Be2 c5 6. c3 Nc6 7. Ngf3 cxd4 8. cxd4 f6 9. exf6 Nxf6 10. Nf1 Ne4 11. Ng3 Bb4+ 12. Kf1 O-O 13. Be3 Qf6 14. Bd3 e5 15. Nxe4 dxe4 16. Bxe4 exd4 17. Nxd4 Bc5 18. Nf3 Bxe3 19. fxe3 Bg4 20. Kg1 Rad8 21. Qb3+ Kh8 22. h3 Bxf3 23. Bxf3 Ne5 24. Rf1 Rd2 25. Be2 Qe7 26.
Rxf8+ Qxf8 27. Qb5 h6 28. Qxe5 Rxe2 29. Kh2 Qf3 30.
Qg3 Qxe3 31. Qxe3 Rxe3 32. Rc1 Re2 33. Rb1 g5 34. Kg3 Kg7 35. Kf3 Rc2 36. a4 Kf6 37. b4 Kf5 38. a5 Rc3+ 39. Kf2 a6 40. Rd1 Rc4 41. b5 axb5 42. Rd5+ Kf4 43. Rxb5 Rc2+ 44.
Kg1 Ra2 45. Rb4+ Kf5 46. Rb5+ Kf4 47. Kh2 h5 48. Rb4+ Kf5 49. Rb5+ Kf4 50. h4 gxh4 51. Rxh5 Kg4 52. Rb5 Kf4 53. Rb4+ Kg5 54. Rb5+ Kh6 55. Kh3 Kg6 56. Rb6+ Kf5 57. Rb5+ Ke6 58. Rxb7 Rxa5 59. Kxh4 Kf6 60. Rb6+ Kg7 61. g4 Ra7 62. Kh5 Rd7 63. Kg5 Re7 64. Rd6 Re5+ 65. Kf4 Re7 66. Kf5 Rf7+ 67. Kg5 Re7 68. Rg6+ Kh7 69. Ra6 Kg7 70. Kh5 Kh7 71. g5 Kg7 72. Rg6+ Kh7 73. Rh6+ Kg7 74. Rd6 Rf7 75. Kg4 Kh7 76. g6+ Kg7 77. gxf7 1-0

[Event "*** Titled Tuesday Blitz"]
[Site "Chess.com"]
[Date "2020.05.05"]
[Round "4"]
[White "mortngabriel"]
[Black "rasmussvane"]
[Result "0-1"]
[WhiteElo "2464"]
[BlackElo "2863"]
[TimeControl "180+1"]
[EndTime "10:42:50 PDT"]
[Termination "rasmussvane won by checkmate"]

1. d4 d5 2. c4 e6 3. Nf3 a6 4. cxd5 exd5 5. Nc3 Nf6 6. Bg5 Be6 7. e3 Bd6 8. Bd3 Nbd7 9. O-O c6 10. Rb1 Qc7 11. b4 O-O 12. a4 b5 13. Qc2 Bg4 14. h3 Bh5 15. Nh4 Rfc8 16. Nf5 Bg6 17. Nxd6 Qxd6 18. Bf4 Qe7 19. Rfc1 Nb6 20.
Bxg6 hxg6 21. Qd3 Nc4 22. a5 Re8 23. Re1 Qe6 24. Bg5 Ne4 25. Nxe4 dxe4 26. Qe2 f6 27. Bf4 Rad8 28. Rbc1 Kf7 29. Rc2 g5 30. Bg3 Kg6 31. Rec1 Rd7 32. Rxc4 bxc4 33. Rxc4 Rb7 34. Rc5 Ra8 35.
Qc2 Rc8 36. d5 Qe8 37. dxc6 Rxb4 38. c7 Kh6 39. Rc6 Qd7 40. Rxa6 Qb5 41. Rb6 Qxa5 42. Rxb4 Qxb4 43. Kh2 Qe7 44. Qc6 Kg6 45. Qc4 Qe8 46.
Qa6 Qd7 47. Qb7 Qe6 48. Qb5 Rh8 49. Qb7 g4 50. h4 Kh5 51. Qb8 Rc8 52. Qb7 g5 53. hxg5 Kxg5 54. Qb5+ Kg6 55. Bf4 Qe7 56.
Kg3 Qe6 57. Qb7 Rh8 58. Qb8 Rc8 59. Qb7 Qf5 60. Qb8 Kg7 61. Qb7 Kf7 62. Qb8 Kg6 63. Qb7 Qd7 64. Qb8 Kf7 65. Qb7 Qe6 66. Qb8 Ke7 67. Qb7 Kf8 68. Qb8 Kg8 69. Qb7 Kg7 70. Qb8 Qd7 71. Qb7 Re8 72. Qb8 Kg6 73.
Qb7 Qc8 74. Qb8 Qe6 75. Qd8 Kf7 76. Qb8 Qd7 77. Qb7 Rc8 78. Qb6 Qe6 79. Qb7 Ke7 80. Qb8 Qd7 81. Qb7 f5 82. Qb4+ Kf7 83. Qb6 Qe6 84. Qb7 Re8 85. Qb8 Rc8 86. Qb7 Kg6 87.
Qb8 Qd7 88. Qb7 Rh8 89. Qb8 Qh7 90. c8=Q Qh2# 0-1

[Event "*** Titled Tuesday Blitz"]
[Site "Chess.com"]
[Date "2020.05.05"]
[Round "4"]
[White "Doraemon7"]
[Black "m_ezat"]
[Result "1-0"]
[WhiteElo "2655"]
[BlackElo "2468"]
[TimeControl "180+1"]
[EndTime "10:42:55 PDT"]
[Termination "Doraemon7 won by checkmate"]

1. Nf3 Nf6 2. c4 g6 3. b3 Bg7 4. Bb2 O-O 5. g3 c5 6. Bg2 Nc6 7.
O-O d5 8. cxd5 Qxd5 9. Ne5 Qd6 10. Nxc6 bxc6 11. d3 h5 12. Nd2 h4 13. Rc1 hxg3 14.
hxg3 Bg4 15. Re1 Rfd8 16. Qc2 Nd5 17. Ne4 Qe6 18. Nxc5 Qc8 19. Bxg7 Kxg7 20. Ne4 Qf5 21. Qb2+ f6 22. f3 Bh3 23. g4 Qf4 24. Qd2 Ne3 25. Bxh3 Rh8 26. Bg2 f5 27. Kf2 Nxg4+ 28. Kf1 Ne3+ 29.
Kf2 Rh2 30. Rg1 Nxg2 31. Qxf4 Nxf4+ 32. Ke3 Nd5+ 33. Kd4 fxe4 34. fxe4 Nf6 35. e3 Rd8+ 36. Kc3 Rh3 37. Rce1 Kf7 38. Rgf1 Ke6 39. a4 Rh2 40. Rg1 Kf7 41. Rg5 Rhh8 42. Rf1 Kg7 43. Rfg1 Rh6 44. Rc5 Rd7 45. Re5 Rh3 46. Reg5 Rxe3 47. Rxg6+ Kf7 48. Rg7+ Ke6 49. Kc2 Nxe4 50. dxe4 Re2+ 51.
Kc3 Re3+ 52. Kc4 Rxe4+ 53. Kc5 Re5+ 54. Kxc6 Rd6+ 55. Kc7 Rd3 56. R1g6+ Kd5 57. Rg3 Rxg3 58. Rxg3 Re6 59. Kb7 a6 60. b4 Kc4 61. Rg4+ Kb3 62. a5 Ka4 63. b5+ Kxb5 64. Rg5+ Ka4 65. Kc7 Re4 66. Kc6 Rb4 67. Re5 Rb5 68. Rxb5 axb5 69. a6 b4 70. a7 b3 71. a8=Q+ Kb4 72. Qb7+ Kc3 73. Qxe7 b2 74. Qc5+ Kd2 75. Qd4+ Kc2 76. Qc4+ Kd2 77. Qb3 Kc1 78. Qc3+ Kb1 79. Kb5 Ka2 80.
Qc4+ Ka1 81. Qa4+ Kb1 82. Kb4 Kc1 83. Qa3 Kc2 84. Qc3+ Kb1 85. Kb3 Ka1 86. Qxb2# 1-0

[Event "*** Titled Tuesday Blitz"]
[Site "Chess.com"]
[Date "2020.05.05"]
[Round "4"]
[White "FranciscodelaF"]
[Black "Reader777"]
[Result "0-1"]
[WhiteElo "2347"]
[BlackElo "2590"]
[TimeControl "180+1"]
[EndTime "10:43:06 PDT"]
[Termination "Reader777 won by resignation"]

1. d4 Nf6 2. c4 c5 3. d5 e6 4. Nc3 exd5 5. cxd5 d6 6. e4 g6 7. f4 Bg7 8. Bb5+ Nfd7 9. Nf3 a6 10. Be2 b5 11. O-O O-O 12. Bd3 c4 13. Bc2 Nc5 14. Be3 b4 15. Bxc5 dxc5 16. Na4 Nd7 17. e5 Qa5 18. Re1 Nb6 19. Nxb6 Qxb6 20. Qe2 b3 21. Be4 bxa2 22. Qxc4 Qxb2 23. Rxa2 Qb4 24.
Rc2 a5 25. Qxc5 Qxc5+ 26. Rxc5 Bd7 27. Ra1 a4 28. d6 Rac8 29. Rxc8 Rxc8 30. Ra3 Rc4 31.
Nd2 Rd4 32. Ra2 f6 33. Kf2 fxe5 34. Ke3 Rxd6 35. fxe5 Bxe5 36. Nf3 Bg7 37. Bd3 Bh6+ 38. Ke2 Re6+ 39. Kf1 Rd6 40. Bc4+ Kf8 41. Ne5 Bf4 42.
Nxd7+ Rxd7 43. g3 Be5 44. Rxa4 Rd2 45. Be2 Kg7 46. Rb4 Ra2 47. Rb7+ Kh6 48. Kf2 Bd4+ 49.
Kf3 Ra3+ 50. Kg2 Re3 51. Bf3 Rd3 52. Re7 Rd2+ 53. Re2 Rd3 54. Be4 Rc3 55. h4 Bf6 56. Rf2 Be5 57. Rf3 Rc4 58. Bd3 Rc3 59. Kh3 Rc1 60. Kg2 Ra1 61. g4 Ra2+ 62. Rf2 Ra3 63. Be2 Kg7 64. g5 Rg3+ 65. Kf1 Rh3 66. Rg2 Rxh4 67.
Rg1 Rf4+ 68. Ke1 Bc3+ 69. Kd1 Rd4+ 70. Kc2 Rd2+ 71. Kxc3 Rxe2 72. Kd3 Re5 73. Kd4 Rf5 74. Ke4 Kf7 75. Rg2 Ke6 76. Rg1 Ra5 77. Rg2 Ra4+ 78. Kf3 Kf5 79. Rg1 Ra3+ 80. Ke2 Ra4 81. Rh1 Ra7 82.
Rg1 Re7+ 83. Kf3 Rd7 84. Rg2 Rd3+ 85. Ke2 Ra3 86. Rg1 Rh3 87. Kf2 Rh5 88. Kf3 Rxg5 89.
Rh1 h5 90. Ra1 Kf6 91. Ra6+ Kg7 92. Kf4 Rf5+ 93. Kg3 Kh6 94. Rb6 Kg5 95. Kh3 Ra5 0-1

[Event "*** Titled Tuesday Blitz"]
[Site "Chess.com"]
[Date "2020.05.05"]
[Round "4"]
[White "AndriiTop"]
[Black "Muguet7"]
[Result "1-0"]
[WhiteElo "2322"]
[BlackElo "2453"]
[TimeControl "180+1"]
[EndTime "10:43:10 PDT"]
[Termination "AndriiTop won on time"]

1. d4 Nf6 2. Nf3 e6 3. c4 b6 4. g3 Ba6 5. b3 d5 6. Ne5 c5 7. Bg2 cxd4 8. O-O Bc5 9. b4 Bd6 10.
cxd5 Nxd5 11. Qxd4 Bb7 12. a3 O-O 13. Bb2 f6 14.
Nc4 Nc6 15. Qg4 Qe7 16. Nxd6 Qxd6 17. Rd1 Ne5 18. Qh3 Qe7 19. Nd2 Rad8 20. Rac1 Ba6 21.
Bxe5 fxe5 22. Bf3 Nf6 23. Ne4 Nxe4 24. Bxe4 h6 25. Bd3 Bb7 26. Bc4 Bd5 27. Qg4 Qf6 28. f3 e4 29. Bxd5 exd5 30. fxe4 d4 31. Qf5 Qxf5 32. exf5 Rxf5 33. Rd2 Re5 34. Rcd1 Re3 35.
Rxd4 Rxd4 36. Rxd4 Rxa3 37. Rd7 a5 38. bxa5 bxa5 39. Ra7 a4 40. e4 Kh7 41. e5 Kg6 42. e6 Kf6 43. e7 Kf7 44. Kg2 Ra1 45. Kf3 a3 46. Kg2 a2 47. Kh3 Ke8 48. Kg2 g5 49.
Kh3 h5 50. Kg2 g4 51. h3 gxh3+ 52. Kh2 Kf7 53. e8=Q+ Kxe8 54. Ra5 Kf7 55. Ra6 Ke7 56. Ra5 Kd7 57. Ra6 Kc7 58. Ra5 Kb6 59. Ra8 Kc5 60. Rc8+ Kd4 61. Rd8+ Ke3 62. Re8+ Kf3 63. Rf8+ Kg4 64.
Rg8+ Kf5 65. Rf8+ Kg6 66. Rg8+ Kf7 67. Ra8 Ke7 68. Ra7+ Kd8 69. Ra8+ Kc7 70. Ra7+ Kb8 71. Ra4 Kb7 72. Ra5 Kb6 73. Ra8 Kc6 74. Ra7 Kd6 75.
Ra8 h4 76. gxh4 Ke6 77. Ra6+ Kf5 78. Ra5+ Kg4 79. Ra4+ Kh5 80. Ra5+ Kxh4 81. Ra4+ Kg5 82. Ra5+ Kf4 83. Ra4+ Ke3 84. Ra3+ Kd2 85. Ra8 Ke3 86. Re8+ Kf4 87. Rf8+ Kg5 88. Rg8+ Kf6 89. Rf8+ Kg7 90.
Ra8 Rb1 91. Rxa2 Rb2+ 92. Rxb2 1-0